 Dungeon Crawl Stone Soup version 0.22-a0-443-g17c3723 (webtiles) character file.

423 jerryfan the Vexing (level 6, -2/72 HPs)
             Began as a Gnoll Arcane Marksman on May 31, 2018.
             Killed from afar by a shadow imp (8 damage)
             ... with an exploding inner flame
             ... hexed by the player character
             ... on level 5 of the Dungeon on June 1, 2018.
             The game lasted 00:22:58 (4820 turns).

jerryfan the Vexing (Gnoll Arcane Marksman)         Turns: 4820, Time: 00:22:59

Health: -2/72      AC: 23    Str: 11 (14) XL:     6   Next: 95%
Magic:  0/11       EV: -1    Int: 17 (19) God:
Gold:   203        SH:  0    Dex: 19 (20) Spells: 6/12 levels left

rFire    + . .     SeeInvis .   u - +1 long sword
rCold    x . .     Gourm    .   (no shield)
rNeg     + + +     Faith    .   (armour currently unavailable)
rPois    +         Spirit   +   (helmet currently unavailable)
rElec    .         Reflect  .   (cloak currently unavailable)
rCorr    .         Harm     .   (gloves currently unavailable)
MR       .....     NoTele   +   (boots currently unavailable)
Stlth    +++.......             d - amulet of guardian spirit
HPRegen  0.22/turn              i - ring of fire
MPRegen  0.12/turn              p - ring of positive energy

@: brilliant, agile, tree-form, constricted
A: distributed training, rugged brown scales 1, dopey 1, strong nose
a: no special abilities


You were on level 5 of the Dungeon.
You were hungry.
You were a tree.
You visited 1 branch of the dungeon, and saw 5 of its levels.

You collected 203 gold pieces.

Inventory:

Hand Weapons
 a - a +0 shortbow
 l - a +0 club
 m - a +0 dagger
 u - a +1 long sword (weapon)
 A - a +0 hunting sling
Missiles
 b - 53 stones (quivered)
 q - 42 poisoned needles
 r - 13 sling bullets
 s - 39 arrows
 C - 24 bolts
Armour
 e - a +0 robe (melded)
 E - a +1 ring mail of magic resistance
Jewellery
 d - an amulet of guardian spirit (around neck)
 i - a ring of fire (left branch)
 p - a ring of positive energy (right branch)
 G - a +3 amulet of reflection {unknown}
Scrolls
 c - 5 scrolls of identify
 h - a scroll of immolation
 w - 3 scrolls of remove curse
Potions
 n - a potion of degeneration
Comestibles
 f - 6 rations


   Skills:
 + Level 3.3 Fighting
 + Level 2.1 Short Blades
 + Level 2.1 Long Blades
 + Level 2.1 Axes
 + Level 2.1 Maces & Flails
 + Level 2.1 Polearms
 + Level 2.1 Staves
 + Level 2.1 Slings
 + Level 5.0 Bows
 + Level 2.1 Crossbows
 + Level 2.1 Throwing
 + Level 2.1 Armour
 + Level 5.0 Dodging
 + Level 2.1 Stealth
 + Level 2.1 Shields
 + Level 2.1 Unarmed Combat
 + Level 3.5 Spellcasting
 + Level 1.7 Conjurations
 + Level 5.7 Hexes
 + Level 1.7 Charms
 + Level 1.7 Summonings
 + Level 1.7 Necromancy
 + Level 1.7 Translocations
 + Level 1.7 Transmutations
 + Level 1.7 Fire Magic
 + Level 1.7 Ice Magic
 + Level 1.7 Air Magic
 + Level 1.7 Earth Magic
 + Level 1.7 Poison Magic
 + Level 2.3 Invocations
 + Level 2.1 Evocations


You had 6 spell levels left.
You knew the following spells:

 Your Spells              Type           Power        Failure   Level  Hunger
a - Corona                Hex            ####...      1%          1    None
b - Slow                  Hex            ####....     1%          2    ##.....
c - Inner Flame           Hex/Fire       #####...     1%          3    ###....

Your spell library contained the following spells:

 Spells                   Type           Power        Failure   Level  Hunger
 Cause Fear               Hex            ####......   1%          4    ####...
 Invisibility             Hex            ####....     24%         6    #######
 Swiftness                Chrm/Air       ###.....     1%          2    ##.....
 Passwall                 Tmut/Erth      ###.....     1%          2    ##.....
 Lee's Rapid Deconstruct  Erth           ###.......   22%         5    ######.
 Portal Projectile        Hex/Tloc       ####..       1%          3    ###....
 Passage of Golubria      Tloc           N/A          10%         4    ####...
 Leda's Liquefaction      Hex/Erth       ####......   4%          4    ####...
 Darkness                 Hex            ####......   24%         6    #######


Dungeon Overview and Level Annotations

Branches:
Dungeon (5/15)
 Temple: D:4-7

Altars:
Ashenzari
Dithmenos
The Shining One


Innate Abilities, Weirdness & Mutations

Your experience applies equally to all skills.
((You have very sharp teeth.))
Your uncanny sense of smell can sniff out nearby items.
((You are partially covered in molten scales. (AC +2)))
(You are partially covered in rugged brown scales. (AC +1, +3% HP))
You are dopey. (Int -2)


Message History

The centaur skeleton hits you but does no damage.
The giant cockroach zombie bites you but does no damage.
The bullfrog zombie hits you but does no damage.
The ball python zombie completely misses you.
You riposte.
You completely miss the ball python zombie.
The ball python zombie is moderately damaged.
The ball python zombie constricts you. The centaur skeleton hits you.
* * * LOW HITPOINT WARNING * * *
The shadow imp hits you but does no damage.
The quokka zombie bites you but does no damage.
The shadow imp hits you but does no damage.
The giant cockroach zombie bites you but does no damage.
The bullfrog zombie hits you but does no damage.
You hit the shadow imp.
The shadow imp explodes!
The fiery explosion engulfs the crimson imp.
The crimson imp completely resists.
The fiery explosion engulfs you! You resist.
You die...

,,,,,,,,***,,,,,,,,,****,,,,,,,,,
,,,,,,,,**,,,........,,,,,,,,,*,*
,,,<,,,,*,,,,,......****,,,,,**,,
,,,,,,,,,,****,....#**,,,,,,,****
****,,,,,,* #,,#...# *,#***,,,,*,
****,,,*,.###.*#...###.# ****,*,
,,,,,****.....##.....#.# **,,,,,
****,,,,.......5ZZ.....####,,,,**
****,..§...§§♣ZZ........,*,,,,
******,,,.....5Z.Z.$.......***,,*
*,,,,,,*,...)..........#..#****,,
*,****##.###.....(.......#**,***,
,,* #..#.......(..##..##*,_,***
*** *#.#..........###...##*,***,
*..####..............#+*+*,,
###.#* #.###...........***,,, #
#...# ###.# ##.#.####.#.,*,,,,


You could see a crimson imp, a shadow imp, a ball python zombie (inner flame),
an adder zombie (inner flame), a quokka zombie (inner flame), a bullfrog zombie
(inner flame), a giant cockroach zombie (inner flame) and a centaur skeleton
(inner flame).

Vanquished Creatures
  A centaur zombie (D:4)
  A bullfrog zombie (D:5)
  A centaur skeleton (D:4)
  An orc priest (D:3)
  3 worker ants
  A hound zombie (D:5)
  A worker ant zombie (D:5)
  8 adders
  A shadow imp (D:5)
  An ooze (D:1)
  2 adder zombies (D:5)
  6 worms
  3 dart slugs
  3 leopard geckos
  2 orcs (D:3)
  5 giant cockroaches
  5 goblins
  8 hobgoblins
  7 jackals
  A quokka (D:2)
  9 bats
  14 frilled lizards
  9 kobolds
  A leopard gecko skeleton (D:4)
  A quokka skeleton (D:5)
  9 rats
104 creatures vanquished.

Notes
Turn   | Place    | Note
-------+----------+-------------------------------------------
     0 | D:1      | jerryfan the Gnoll Arcane Marksman began the quest for the Orb.
     0 | D:1      | Reached XP level 1. HP: 17/17 MP: 4/4
   144 | D:1      | Reached XP level 2. HP: 22/23 MP: 5/5
   148 | D:1      | Learned a level 2 spell: Slow
   337 | D:1      | Reached XP level 3. HP: 28/28 MP: 7/7
  1120 | D:2      | Found a shattered altar of Ashenzari.
  1125 | D:2      | Reached skill level 1 in Invocations
  1148 | D:2      | Found a faded altar of an unknown god.
  1234 | D:2      | Reached skill level 1 in Short Blades
  1234 | D:2      | Reached skill level 1 in Long Blades
  1234 | D:2      | Reached skill level 1 in Axes
  1234 | D:2      | Reached skill level 1 in Maces & Flails
  1234 | D:2      | Reached skill level 1 in Polearms
  1234 | D:2      | Reached skill level 1 in Staves
  1234 | D:2      | Reached skill level 1 in Slings
  1234 | D:2      | Reached skill level 1 in Crossbows
  1234 | D:2      | Reached skill level 1 in Throwing
  1234 | D:2      | Reached skill level 1 in Armour
  1234 | D:2      | Reached skill level 1 in Stealth
  1234 | D:2      | Reached skill level 1 in Shields
  1234 | D:2      | Reached skill level 1 in Unarmed Combat
  1234 | D:2      | Reached skill level 1 in Evocations
  1300 | D:2      | Reached XP level 4. HP: 24/34 MP: 8/8
  1431 | D:2      | Learned a level 3 spell: Inner Flame
  1967 | D:2      | Found a shadowy altar of Dithmenos.
  2323 | D:2      | Reached skill level 1 in Conjurations
  2323 | D:2      | Reached skill level 1 in Charms
  2323 | D:2      | Reached skill level 1 in Summonings
  2323 | D:2      | Reached skill level 1 in Necromancy
  2323 | D:2      | Reached skill level 1 in Translocations
  2323 | D:2      | Reached skill level 1 in Transmutations
  2323 | D:2      | Reached skill level 1 in Fire Magic
  2323 | D:2      | Reached skill level 1 in Ice Magic
  2323 | D:2      | Reached skill level 1 in Air Magic
  2323 | D:2      | Reached skill level 1 in Earth Magic
  2323 | D:2      | Reached skill level 1 in Poison Magic
  2746 | D:3      | Reached XP level 5. HP: 36/40 MP: 9/9
  3756 | D:4      | Found a glowing golden altar of the Shining One.
  4003 | D:4      | Reached XP level 6. HP: 32/47 MP: 5/10
  4682 | D:4      | You fall through a shaft!
  4682 | D:5      | Entered Level 5 of the Dungeon
  4688 | D:5      | Reached skill level 5 in Bows
  4688 | D:5      | Reached skill level 5 in Dodging
  4796 | D:5      | Gained mutation: You are dopey. (Int -2) [potion of mutation]
  4796 | D:5      | Gained mutation: You are partially covered in molten scales. (AC +2) [potion of mutation]
  4796 | D:5      | Gained mutation: You are partially covered in rugged brown scales. (AC +1, +3% HP) [potion of mutation]
  4820 | D:5      | Killed from afar by a shadow imp

Vault maps used:
D:1:      matt_arrival_diagonals
D:2:      minmay_diamond_boxcup, nicolae_dithmenos_through_a_glass_darkly,
          lemuel_crystal_altar, chequers_ecumenical_altar_simple,
          guppyfry_early_lair_pool
D:4:      tso_metal_star, first_ration, hex_large
D:5:      serial_undead, serial_undead_c, serial_undead_e, serial_undead_d,
          serial_undead_c, serial_undead_b, serial_undead_a, serial_undead_f,
          serial_undead_c, nemelex_diamond_rough_becter

Skill      XL: |  1  2  3  4  5  6 |
---------------+-------------------+-----
Invocations    | 1 2 |  2.3
Short Blades   | 1 2 |  2.1
Long Blades    | 1 2 |  2.1
Axes           | 1 2 |  2.1
Maces & Flails | 1 2 |  2.1
Polearms       | 1 2 |  2.1
Staves         | 1 2 |  2.1
Slings         | 1 2 |  2.1
Crossbows      | 1 2 |  2.1
Throwing       | 1 2 |  2.1
Armour         | 1 2 |  2.1
Stealth        | 1 2 |  2.1
Shields        | 1 2 |  2.1
Unarmed Combat | 1 2 |  2.1
Evocations     | 1 2 |  2.1
Spellcasting   | 3 |  3.5
Conjurations   | 1 |  1.7
Charms         | 1 |  1.7
Summonings     | 1 |  1.7
Necromancy     | 1 |  1.7
Translocations | 1 |  1.7
Transmutations | 1 |  1.7
Fire Magic     | 1 |  1.7
Ice Magic      | 1 |  1.7
Air Magic      | 1 |  1.7
Earth Magic    | 1 |  1.7
Poison Magic   | 1 |  1.7
Fighting       | 3 |  3.3
Bows           | 5 |  5.0
Dodging        | 5 |  5.0
Hexes          | |  5.7

Action                   |  1- 3 |  4- 6 || total
-------------------------+-------+-------++-------
Melee: Dagger            |    29 |    99 ||   128
       Bite              |     4 |    22 ||    26
       Unarmed           |     2 |       ||     2
       Club              |     1 |       ||     1
       Punch             |       |     2 ||     2
       Long sword        |       |   106 ||   106
 Fire: Shortbow          |    93 |   114 ||   207
Throw: Stone             |    12 |    26 ||    38
 Cast: Corona            |    11 |     5 ||    16
       Slow              |     4 |    14 ||    18
       Inner Flame       |       |     2 ||     2
  Use: Scroll            |       |    11 ||    11
       Potion            |       |     8 ||     8
 Stab: Sleeping          |       |     8 ||     8
  Eat: Chunk             |     1 |    12 ||    13
Armor: Robe              |     8 |    24 ||    32
       Skin              |       |   130 ||   130
Dodge: Dodged            |    65 |   215 ||   280
       Rpst.: Long sword |       |    39 ||    39

Table legend:
 A = Spawn XP
 B = Non-spawn XP
 C = Spawn XP percentage of total XP
 D = Spawn monster count
 E = Non-spawn monster count
 F = Spawn count percentage of total count
 G = Total turns spent on level
                    A         B        C        D         E        F      G
               +---------+---------+-------+---------+---------+-------+---------
         Total |       0 |     605 |   0.0 |       0 |     104 |   0.0 |  4820
               +---------+---------+-------+---------+---------+-------+---------
           D:1 |       0 |      52 |   0.0 |       0 |      31 |   0.0 |  1107
           D:2 |       0 |     107 |   0.0 |       0 |      30 |   0.0 |  1557
           D:3 |       0 |     112 |   0.0 |       0 |      24 |   0.0 |   959
           D:4 |       0 |     156 |   0.0 |       0 |       8 |   0.0 |  1059
           D:5 |       0 |     178 |   0.0 |       0 |      11 |   0.0 |   138
               +---------+---------+-------+---------+---------+-------+---------
